 Dungeon Crawl Stone Soup version 0.19.4-8-ga85b6b9 (webtiles) character file.

4092 Lennu the Basher (level 10, 0/60 HPs)
             Began as a Gargoyle Gladiator on Feb 10, 2017.
             Was a Believer of Okawaru.
             Slain by a komodo dragon (8 damage)
             ... on level 1 of the Lair of Beasts on Feb 11, 2017.
             The game lasted 00:30:16 (8146 turns).

Lennu the Basher (Gargoyle Gladiator)               Turns: 8146, Time: 00:30:17

Health: 0/60       AC: 22    Str: 18    XL:     10   Next: 26%
Magic:  10/10      EV: 14    Int: 10    God:    Okawaru [**....]
Gold:   584        SH:  6    Dex: 13    Spells: 0 memorised, 9 levels left

rFire  + . .     SeeInvis .     d - +4 flail (crush)
rCold  . . .     Gourm    .     b - +3 scale mail of Vehumet's Regard {rF+ rCorr}
rNeg   + + .     Faith    .     T - +0 buckler
rPois  ∞         Spirit   .     (no helmet)
rElec  +         Reflect  +     p - +2 cloak
rCorr  +         Harm     .     (no gloves)
MR     .....                    w - +0 pair of boots
Stlth  +.........               C - +2 amulet of reflection
                                i - +2 ring of evasion
                                a - ring of positive energy

@: no status effects
A: negative energy resistance 1, electricity resistance, unbreathing,
petrification resistance, rot immunity, AC +7
a: Heroism, Renounce Religion


You were on level 1 of the Lair of Beasts.
You worshipped Okawaru.
Okawaru was pleased with you.
You were not hungry.

You visited 3 branches of the dungeon, and saw 10 of its levels.

You collected 584 gold pieces.

Inventory:

Hand Weapons
 d - a +4 flail of crushing (weapon)
Missiles
 j - 8 tomahawks (quivered)
 E - 5 throwing nets
 U - 8 poisoned javelins
Armour
 b - the +3 scale mail of Vehumet's Regard (worn) {rF+ rCorr}
   (You found it on level 4 of the Dungeon)

   It protects you from fire.
   It protects you from acid and corrosion.
 c - a +1 helmet
 p - a +2 cloak (worn)
 w - a +0 pair of boots (worn)
 T - a +0 buckler (worn)
Jewellery
 a - a ring of positive energy (left hand)
 i - a +2 ring of evasion (right hand)
 q - an uncursed amulet of regeneration
 C - a +2 amulet of reflection (around neck)
 H - an uncursed amulet of rage
 J - an uncursed ring of protection from fire
Wands
 g - a wand of polymorph (2/24)
 s - a wand of disintegration (14/24)
 v - a wand of paralysis (13/24)
 y - a wand of digging (24/24)
 Z - a wand of acid (9/15)
Scrolls
 h - 2 scrolls of enchant armour
 m - a scroll of blinking
 o - 6 scrolls of identify
 r - 3 scrolls of magic mapping
 t - 4 scrolls of remove curse
 u - a scroll of recharging
 A - a scroll of enchant weapon
 F - a scroll of amnesia
 Y - a scroll of fog
Potions
 e - 2 potions of magic
 k - 3 potions of curing
 l - 2 potions of brilliance
 z - 3 potions of flight
 B - 2 potions of might
 D - 2 potions of haste
 N - 2 potions of agility
Books
 G - a book of Enchantments

   Spells                             Type                      Level
   a - Cause Fear                     Hexes                        4
   b - Yara's Violent Unravelling     Hexes/Transmutation          5
   c - Silence                        Hexes/Air                    5
   d - Deflect Missiles               Charms/Air                   6
   e - Discord                        Hexes                        8
 I - a book of Conjurations

   Spells                             Type                      Level
   a - Magic Dart                     Conjuration                  1
   b - Searing Ray                    Conjuration                  2
   c - Dazzling Spray                 Conjuration/Hexes            3
   d - Fulminant Prism                Conjuration/Hexes            4
   e - Iskenderun's Mystic Blast      Conjuration                  4
   f - Iskenderun's Battlesphere      Conjuration/Charms           5
 X - a book of Changes

   Spells                             Type                      Level
   a - Beastly Appendage              Transmutation                1
   b - Sticks to Snakes               Transmutation                2
   c - Spider Form                    Transmutation/Poison         3
   d - Ice Form                       Ice/Transmutation            4
   e - Blade Hands                    Transmutation                5
Comestibles
 f - 8 bread rations
 n - 6 meat rations
 x - 10 fruits
 L - 8 beef jerkies
 M - a royal jelly


   Skills:
 * Level 5.9 Fighting
 * Level 10.2 Maces & Flails
 * Level 4.1 Throwing
 * Level 5.9 Armour
 * Level 5.2 Dodging
 + Level 2.1 Stealth
 + Level 2.1 Shields


You had 9 spell levels left.
You didn't know any spells.

Dungeon Overview and Level Annotations

Branches:
Dungeon (8/15)             Temple (1/1) D:7            Lair (1/6) D:8

Altars:
Ashenzari
Cheibriados
Dithmenos
Elyvilon
Hepliaklqana
Kikubaaqudgha
Makhleb
Okawaru
Qazlal
Sif Muna
Trog
Uskayaw
Xom
Yredelemnul
Zin
The Shining One

Shops:
D:8 =


Innate Abilities, Weirdness & Mutations

You are resistant to torment.
Your stone body is resilient. (AC +7)
You are immune to poison.
You resist negative energy. (rN+)
You are resistant to electric shocks. (rElec)
You can survive without breathing.
You are immune to petrification.
You are immune to rotting.


Message History

The spiny frog is almost dead.
You block the spiny frog's attack.
You barely miss the spiny frog.
The spiny frog is almost dead.
The spiny frog completely misses you.
You hit the spiny frog but do no damage.
The spiny frog is almost dead.
You block the spiny frog's attack.
You hit the spiny frog.
You kill the spiny frog!
Okawaru accepts your kill.
You feel your strength returning.
The komodo dragon hisses menacingly.
You closely miss the komodo dragon. The komodo dragon bites you!
* * * LOW HITPOINT WARNING * * *
You hit the komodo dragon but do no damage.
You barely miss the komodo dragon. You block the komodo dragon's attack.
You barely miss the komodo dragon. You block the komodo dragon's attack.
You barely miss the komodo dragon. The komodo dragon bites you!
You die...

#.( #.. ... #.. ..
#.# ##. #.### #..
#.#.##.# #..
#......## ..#..
#l# ... .......
#@## #.# P.....#..
#..###.###.....###
#..##...#.........
#.................
#.................
#.................
#.................
#.###.######......
#.###.######.(..##


You could see a komodo dragon.

Vanquished Creatures
  A wolf spider zombie (D:8)
  2 spiny frogs (Lair:1)
  Prince Ribbit (D:7)
  Eustachio (D:4)
  Edmund (D:4)
  2 black bears
  4 ogres
  2 sky beasts (D:7)
  3 centaurs
  2 bullfrogs
  3 scorpions
  4 killer bees (D:7)
  3 wights (D:7)
  4 howler monkeys
  A bullfrog zombie (D:7)
  3 crimson imps
  2 hounds
  2 orc priests (D:3)
  2 jellies
  Crazy Yiuf (D:3)
  A centaur skeleton (D:5)
  3 bullfrog skeletons
  Terence (D:3)
  2 iguanas
  2 orc wizards
  3 worker ants
  A howler monkey zombie (D:5)
  A mummy (D:6)
  2 worker ant zombies
  4 gnolls (D:7)
  8 adders
  A shadow imp (D:5)
  An adder skeleton (D:6)
  An adder zombie (D:7)
  7 worms
  3 dart slugs
  4 leopard geckos
  11 orcs
  3 ball pythons
  4 giant cockroaches
  4 hobgoblins
  6 jackals
  3 quokkas
  14 bats
  7 frilled lizards
  4 goblins (D:1)
  8 kobolds
  2 orc zombies (D:6)
  A quokka zombie (D:5)
  9 rats
  A fungus (D:8)
166 creatures vanquished.

Notes
Turn   | Place    | Note
-------+----------+-------------------------------------------
     0 | D:1      | Lennu the Gargoyle Gladiator began the quest for the Orb.
     0 | D:1      | Reached XP level 1. HP: 12/12 MP: 1/1
   260 | D:1      | Reached XP level 2. HP: 14/17 MP: 2/2
   789 | D:1      | Reached XP level 3. HP: 22/22 MP: 3/3
  1011 | D:2      | Found a basalt altar of Yredelemnul.
  1952 | D:3      | Reached XP level 4. HP: 27/27 MP: 4/4
  1974 | D:2      | Reached skill level 4 in Maces & Flails
  1974 | D:2      | Reached skill level 1 in Armour
  2130 | D:3      | Reached skill level 1 in Stealth
  2130 | D:3      | Reached XP level 5. HP: 13/32 MP: 5/5
  2266 | D:3      | Found a runed door.
  2624 | D:3      | Reached XP level 6. HP: 36/36 MP: 6/6
  2747 | D:3      | Reached skill level 5 in Maces & Flails
  2760 | D:3      | Noticed Terence
  2773 | D:3      | Killed Terence
  3151 | D:3      | Noticed Crazy Yiuf
  3155 | D:3      | Killed Crazy Yiuf
  3275 | D:4      | Got an encrusted scale mail
  3297 | D:4      | Identified the +3 scale mail of Vehumet's Regard {rF+ rCorr} (You found it on level 4 of the Dungeon)
  3303 | D:4      | Got a heavily runed leather armour
  3316 | D:4      | Identified the +1 leather armour "Nejeemim" {rElec Regen+ Str-2 Int+4} (You found it on level 4 of the Dungeon)
  3401 | D:4      | Noticed Eustachio
  3424 | D:4      | Killed Eustachio
  3424 | D:4      | Reached skill level 6 in Maces & Flails
  3424 | D:4      | Reached XP level 7. HP: 41/41 MP: 7/7
  3984 | D:4      | Noticed Edmund
  3999 | D:4      | Killed Edmund
  4104 | D:5      | Entered Level 5 of the Dungeon
  4198 | D:5      | Reached skill level 7 in Maces & Flails
  4438 | D:5      | Reached XP level 8. HP: 48/48 MP: 8/8
  4940 | D:6      | Found a white marble altar of Elyvilon.
  5001 | D:6      | Found a sand-covered staircase.
  5344 | D:6      | Reached skill level 8 in Maces & Flails
  5686 | D:7      | Reached XP level 9. HP: 34/52 MP: 9/9
  5864 | D:7      | Found a staircase to the Ecumenical Temple.
  5873 | D:7      | Noticed Prince Ribbit
  5952 | Temple   | Entered the Ecumenical Temple
  5956 | Temple   | Became a worshipper of Warmaster Okawaru
  5995 | D:7      | Reached skill level 5 in Fighting
  5995 | D:7      | Reached skill level 9 in Maces & Flails
  6036 | D:7      | Killed Prince Ribbit
  6700 | D:7      | Gained mutation: You have a pair of small antennae on your head. [potion of mutation]
  6700 | D:7      | Gained mutation: Your mind is acute. (Int +2) [potion of mutation]
  6700 | D:7      | Lost mutation: You have a pair of small antennae on your head. [potion of mutation]
  6703 | D:7      | Lost mutation: Your mind is acute. (Int +2) [potion of cure mutation]
  6900 | D:8      | Reached skill level 1 in Shields
  6953 | D:8      | Found Lowerche's Jewellery Shop.
  7061 | D:8      | Found a staircase to the Lair.
  7163 | D:8      | Reached * piety under Okawaru
  7163 | D:8      | Reached skill level 5 in Armour
  7163 | D:8      | Reached skill level 5 in Dodging
  7173 | D:8      | Reached XP level 10. HP: 39/59 MP: 10/10
  7175 | D:8      | Reached skill level 10 in Maces & Flails
  7495 | D:8      | Found a burning altar of Makhleb.
  7497 | D:8      | Found a deep blue altar of Sif Muna.
  7497 | D:8      | Found a shadowy altar of Dithmenos.
  7497 | D:8      | Found a snail-covered altar of Cheibriados.
  7497 | D:8      | Found a stormy altar of Qazlal.
  8061 | Lair:1   | Entered Level 1 of the Lair of Beasts
  8088 | Lair:1   | Reached ** piety under Okawaru
  8116 | Lair:1   | Noticed a spiny frog
  8121 | Lair:1   | Noticed a spiny frog
  8134 | Lair:1   | Killed a spiny frog
  8141 | Lair:1   | Killed a spiny frog
  8146 | Lair:1   | Slain by a komodo dragon

Skill      XL: |  1  2  3  4  5  6  7  8  9 10 |
---------------+-------------------------------+-----
Maces & Flails | 4 6 7 8 9 10 | 10.2
Armour         | 1 3 5 |  5.9
Stealth        | 1 2 |  2.1
Dodging        | 3 4 5 |  5.2
Fighting       | 3 4 5 |  5.9
Throwing       | 2 3 4 |  4.1
Shields        | 1 2 |  2.1

Action                   |  1- 3 |  4- 6 |  7- 9 | 10-12 || total
-------------------------+-------+-------+-------+-------++-------
Melee: Flail             |   116 |   122 |   276 |    57 ||   571
       Morningstar       |       |    52 |    27 |       ||    79
Throw: Tomahawk          |       |       |     5 |       ||     5
       Throwing net      |       |       |     4 |       ||     4
  Use: Scroll            |     6 |     1 |    14 |       ||    21
       Potion            |       |       |    10 |       ||    10
 Stab: Sleeping          |     5 |     2 |       |       ||     7
       Distracted        |       |     1 |       |       ||     1
  Eat: Chunk             |     3 |     1 |    12 |     3 ||    19
       Bread ration      |       |     1 |       |       ||     1
Armor: Leather armour    |    46 |       |       |       ||    46
       Robe              |    10 |    53 |       |       ||    63
       Scale mail        |       |    32 |   155 |    11 ||   198
       Skin              |       |       |    30 |       ||    30
Dodge: Dodged            |    97 |   166 |   191 |    21 ||   475
Block: Other             |       |       |     8 |       ||     8
       Buckler           |       |       |    51 |    17 ||    68
       Reflection        |       |       |     1 |       ||     1
